details: '1v1 towers v diorhomme l o l'

« prev index next »

General information

Mini Map

Players

team 1
OrcDiorHomme (green | 91 APM | 4831 actions | 52:57)
Hero icon 5 Blademaster
Ability icon 3 Wind Walk
Ability icon 2 Critical Strike
Hero icon 6 Shadow Hunter
Ability icon 3 Hex
Ability icon 3 Healing Wave
Hero icon 3 Tauren Chieftain
Ability icon 2 War Stomp
Ability icon 1 Endurance Aura

» actions
Assign group hotkey101
Basic commands244
Build / train219
ESC pressed21
Enter build submenu94
Enter hero's abilities submenu14
Give item / drop item6
Right click1967
Select / deselect1016
Select group hotkey729
Use ability420
4831 total
» units
Peon98
Grunt7
Troll Witch Doctor6
Raider8
Goblin Shredder3
Wind Rider3
Goblin Zeppelin6
Troll Batrider1
Shaman2
Tauren3
Kodo Beast1
Spirit Walker1
Demolisher3
142 total
» upgrades
Berserker Strength1
Reinforced Defenses1
Armor3
Ensnare1
Envenomed Spears1
Melee Weapons3
Spirit Walker Training1
Shaman Training2
Witch Doctor Training2
Pulverize1
Ranged Weapons2
War Drums Damage Increase1
Liquid Fire1
20 total
» buildings
Altar of Storms2
Orc Burrow5
Barracks10
Stronghold1
Fortress1
Voodoo Lounge1
War Mill1
Beastiary3
Watch Tower43
Great Hall18
Spirit Lodge2
Tauren Totem2
89 total
» build order
00:05 Altar of Storms
00:16 Orc Burrow
00:36 Barracks
01:25 Orc Burrow
02:37 Stronghold
03:23 Orc Burrow
05:27 Fortress
05:42 Voodoo Lounge
05:56 War Mill
06:44 Beastiary
10:43 Orc Burrow
11:09 Watch Tower
11:10 Watch Tower
11:36 Watch Tower
12:21 Beastiary
12:31 Great Hall
13:48 Watch Tower
14:14 Great Hall
14:32 Orc Burrow
15:49 Great Hall
16:00 Spirit Lodge
16:20 Watch Tower
17:33 Watch Tower
17:40 Watch Tower
18:45 Great Hall
19:17 Watch Tower
19:39 Great Hall
19:44 Watch Tower
20:06 Great Hall
20:07 Watch Tower
20:08 Watch Tower
20:33 Great Hall
22:26 Watch Tower
22:35 Great Hall
23:32 Spirit Lodge
23:35 Tauren Totem
23:37 Tauren Totem
23:53 Beastiary
26:38 Great Hall
27:35 Great Hall
27:36 Watch Tower
27:36 Watch Tower
29:09 Great Hall
29:09 Watch Tower
30:51 Great Hall
33:39 Great Hall
35:56 Altar of Storms
37:29 Watch Tower
37:29 Watch Tower
37:29 Watch Tower
37:30 Watch Tower
37:30 Watch Tower
37:31 Watch Tower
37:33 Watch Tower
40:16 Great Hall
40:18 Great Hall
40:19 Watch Tower
40:55 Great Hall
44:25 Great Hall
46:02 Watch Tower
46:02 Watch Tower
46:03 Watch Tower
46:03 Watch Tower
46:03 Watch Tower
46:04 Watch Tower
46:04 Watch Tower
46:07 Watch Tower
46:07 Watch Tower
46:08 Watch Tower
46:08 Watch Tower
46:09 Watch Tower
46:09 Watch Tower
46:09 Watch Tower
46:27 Barracks
46:27 Barracks
46:30 Barracks
46:31 Barracks
46:32 Barracks
46:34 Barracks
46:35 Barracks
46:36 Barracks
46:36 Barracks
49:43 Great Hall
51:04 Watch Tower
51:04 Watch Tower
51:05 Watch Tower
51:05 Watch Tower
51:06 Watch Tower
51:06 Watch Tower
» items
Healing Salve4
Scroll of Speed1
Boots of Speed3
Tiny Great Hall1
Lesser Clarity Potion4
Orb of Lightning1
Scroll of Town Portal4
Staff of Teleportation1
Potion of Mana1
20 total
team 2
HumanOYoYeh (purple | 103 APM | 5452 actions | 52:59)
Hero icon 6 Archmage
Ability icon 3 Blizzard
Ability icon 2 Brilliance Aura
Ability icon 1 Mass Teleport
Hero icon 5 Blood Mage
Ability icon 3 Flame Strike
Ability icon 2 Banish
Hero icon 5 Mountain King
Ability icon 3 Storm Bolt
Ability icon 2 Bash

» actions
Assign group hotkey23
Basic commands75
Build / train176
ESC pressed1
Enter build submenu81
Enter hero's abilities submenu16
Give item / drop item10
Remove unit from queue5
Right click2833
Select / deselect1016
Select group hotkey709
Use ability507
5452 total
» units
Peasant29
Priest6
Sorceress6
Goblin Zeppelin1
42 total
» upgrades
Masonry3
Lumber Harvesting2
Magic Sentry1
Sorceress Training2
Backpack1
Priest Training2
Armor3
Swords3
Animal War Training1
18 total
» buildings
Altar of Kings1
Scout Tower112
Farm11
Lumber Mill1
Arcane Tower12
Guard Tower54
Arcane Vault1
Keep1
Town Hall2
Arcane Sanctum1
Castle1
Gryphon Aviary1
Blacksmith1
Barracks1
200 total
» build order
00:06 Altar of Kings
00:22 Scout Tower
00:26 Farm
00:40 Lumber Mill
00:52 Arcane Tower
01:18 Farm
01:42 Scout Tower
02:10 Guard Tower
02:13 Scout Tower
02:20 Scout Tower
02:44 Arcane Tower
02:51 Guard Tower
02:52 Scout Tower
02:55 Scout Tower
03:06 Scout Tower
03:21 Guard Tower
03:27 Guard Tower
03:47 Scout Tower
04:22 Scout Tower
04:23 Scout Tower
04:32 Arcane Tower
04:46 Farm
04:53 Scout Tower
05:10 Arcane Tower
05:13 Scout Tower
05:20 Arcane Vault
05:31 Guard Tower
05:33 Scout Tower
05:49 Guard Tower
05:51 Scout Tower
05:55 Guard Tower
06:03 Guard Tower
06:06 Scout Tower
06:19 Guard Tower
06:21 Scout Tower
06:24 Scout Tower
06:25 Scout Tower
06:43 Guard Tower
06:49 Arcane Tower
07:35 Keep
07:38 Scout Tower
07:53 Guard Tower
07:56 Scout Tower
07:57 Scout Tower
08:49 Town Hall
08:53 Scout Tower
08:56 Arcane Tower
08:57 Guard Tower
09:00 Guard Tower
09:03 Scout Tower
09:27 Arcane Tower
09:39 Guard Tower
09:40 Scout Tower
10:16 Guard Tower
10:29 Arcane Sanctum
10:37 Farm
10:40 Farm
12:28 Scout Tower
12:29 Scout Tower
12:34 Scout Tower
12:35 Scout Tower
12:36 Scout Tower
12:38 Castle
14:18 Guard Tower
14:21 Guard Tower
16:09 Scout Tower
16:43 Guard Tower
18:12 Scout Tower
18:12 Scout Tower
18:14 Scout Tower
18:15 Scout Tower
18:16 Scout Tower
18:17 Scout Tower
18:17 Scout Tower
18:19 Scout Tower
18:20 Scout Tower
18:20 Scout Tower
18:41 Guard Tower
18:42 Arcane Tower
18:43 Guard Tower
19:08 Guard Tower
19:14 Guard Tower
19:27 Scout Tower
19:27 Scout Tower
19:29 Scout Tower
19:29 Scout Tower
19:39 Guard Tower
20:04 Guard Tower
20:05 Scout Tower
20:06 Scout Tower
20:07 Scout Tower
20:22 Guard Tower
20:30 Guard Tower
20:43 Arcane Tower
20:50 Town Hall
20:51 Scout Tower
20:52 Scout Tower
21:02 Guard Tower
21:04 Scout Tower
21:12 Scout Tower
21:12 Scout Tower
21:13 Scout Tower
21:30 Guard Tower
21:51 Guard Tower
21:52 Scout Tower
22:04 Guard Tower
23:15 Guard Tower
23:20 Guard Tower
23:25 Scout Tower
23:27 Scout Tower
23:28 Scout Tower
23:34 Scout Tower
23:37 Scout Tower
23:42 Scout Tower
23:43 Scout Tower
23:45 Scout Tower
23:45 Scout Tower
23:46 Scout Tower
23:47 Scout Tower
23:59 Guard Tower
24:05 Scout Tower
24:07 Arcane Tower
24:09 Guard Tower
25:43 Arcane Tower
25:45 Guard Tower
25:54 Guard Tower
26:30 Scout Tower
26:30 Scout Tower
27:55 Guard Tower
28:57 Gryphon Aviary
30:47 Scout Tower
31:17 Guard Tower
31:48 Guard Tower
31:54 Scout Tower
32:04 Blacksmith
32:07 Barracks
32:09 Farm
32:10 Farm
32:11 Farm
33:23 Farm
33:24 Farm
34:14 Farm
35:45 Guard Tower
36:00 Scout Tower
36:01 Scout Tower
36:02 Scout Tower
36:02 Scout Tower
36:03 Scout Tower
36:04 Scout Tower
36:05 Scout Tower
36:05 Scout Tower
36:07 Scout Tower
36:08 Scout Tower
36:44 Arcane Tower
36:45 Guard Tower
36:59 Guard Tower
37:00 Scout Tower
38:57 Guard Tower
39:26 Scout Tower
40:43 Guard Tower
47:00 Scout Tower
47:01 Scout Tower
47:02 Scout Tower
47:03 Scout Tower
47:04 Scout Tower
47:04 Scout Tower
47:07 Scout Tower
47:07 Scout Tower
47:08 Scout Tower
47:09 Scout Tower
47:10 Scout Tower
47:10 Scout Tower
47:54 Guard Tower
48:03 Guard Tower
48:05 Guard Tower
48:35 Guard Tower
48:48 Guard Tower
49:37 Scout Tower
49:38 Scout Tower
49:39 Scout Tower
49:40 Scout Tower
49:40 Scout Tower
49:42 Scout Tower
49:43 Scout Tower
49:43 Scout Tower
50:55 Guard Tower
51:19 Guard Tower
51:20 Scout Tower
51:21 Scout Tower
51:22 Scout Tower
51:23 Scout Tower
51:24 Scout Tower
51:25 Scout Tower
51:28 Scout Tower
51:30 Scout Tower
52:19 Guard Tower
52:21 Guard Tower
52:23 Scout Tower
52:25 Scout Tower
52:27 Guard Tower
» items
Staff of Teleportation3
Boots of Speed3
Scroll of Regeneration2
Periapt of Vitality2
Staff of Sanctuary3
Circlet of Nobility1
Orb of Fire1
Scroll of Town Portal8
Lesser Clarity Potion1
24 total